 Dungeon Crawl Stone Soup version 0.28-b1-25-g9875b3fc8c (webtiles) character file.

Game seed: 15869469132748932098

689 Dillybarz the Skirmisher (level 7, -4/63 HPs)
             Began as a Minotaur Fighter on Feb 2, 2022.
             Was an Initiate of Trog.
             Slain by an ogre (6 damage)
             ... on level 5 of the Dungeon.
             The game lasted 00:20:36 (4444 turns).

Dillybarz the Skirmisher (Minotaur Fighter)         Turns: 4444, Time: 00:20:36

Health: -4/63      AC: 13    Str: 23    XL:     7   Next: 36%
Magic:  6/6        EV:  7    Int:  5    God:    Trog [......]
Gold:   232        SH:  6    Dex: 15    Spells: 6/6 levels left

rFire   . . .      SeeInvis .   a - +0 flail
rCold   . . .      Faith    .   c - +0 buckler
rNeg    . . .      Spirit   .   h - +0 chain mail
rPois   .          Reflect  .   (helmet restricted)
rElec   .          Harm     .   (no cloak)
rCorr   .          Rampage  .   (no gloves)
Will    +....                   b - +2 pair of boots
Stlth   ..........              (no amulet)
HPRegen 0.20/turn               q - ring of willpower
MPRegen 0.10/turn               u - +6 ring of dexterity

@: no status effects
A: horns 2, retaliatory headbutt
a: Renounce Religion


You were on level 5 of the Dungeon.
You worshipped Trog.
Trog was noncommittal.
You visited 2 branches of the dungeon, and saw 7 of its levels.
You also visited: Ossuary.

You collected 232 gold pieces.

Inventory:

Hand Weapons
 a - a +0 flail (weapon)
Armour
 b - a +2 pair of boots (worn)
 c - a +0 buckler (worn)
 h - a +0 chain mail (worn)
Jewellery
 g - a ring of protection from cold
 q - a ring of willpower (left hand)
 u - a +6 ring of dexterity (right hand)
Wands
 o - a wand of charming (6)
 r - a wand of iceblast (8)
Scrolls
 n - a scroll of fear
Potions
 d - 2 potions of curing
 e - a potion of mutation
 f - 3 potions of haste
 i - 3 potions of lignification
 j - 2 potions of brilliance
 k - 4 potions of ambrosia {unknown}
 l - a potion of invisibility
 m - 2 potions of resistance {unknown}
 p - a potion of heal wounds {unknown}


   Skills:
 + Level 6.1 Fighting
 + Level 5.2 Maces & Flails
 + Level 6.0 Armour
 + Level 6.1 Shields


You had 6 spell levels left.
You didn't know any spells.
Your spell library was empty.

Dungeon Overview and Level Annotations

Branches:
Dungeon (6/15)             Temple (1/1) D:4         Ossuary (visited)

Altars:
Cheibriados
Elyvilon
Gozag
Hepliaklqana
Makhleb
Qazlal
Trog
Wu Jian
Xom
Yredelemnul
Zin
The Shining One
Ignis


Innate Abilities, Weirdness & Mutations

You have a pair of horns on your head.
You reflexively headbutt those who attack you in melee.


Message History

You kill the orc!
Trog accepts your kill. You block the ogre's attack.
You see here a +2 whip of electrocution.
You thump the ogre!
The ogre is heavily wounded.
The orc warrior hits you but does no damage.
The orc barely misses you. You furiously retaliate!
You headbutt the orc. The ogre barely misses you.
The ogre hits you but does no damage. You block the orc's attack.
You see here a +2 whip of electrocution.
You closely miss the ogre.
The ogre is heavily wounded.
The orc warrior hits you with a +0 trident.
The ogre hits you with a +0 giant spiked club!!
The orc hits you but does no damage. You block the orc warrior's attack.
You hit the ogre.
The ogre is heavily wounded.
The orc barely misses you.
The ogre hits you with a +0 giant spiked club.
* * * LOW HITPOINT WARNING * * *
The orc warrior hits you with a +0 trident.
* * * LOW HITPOINT WARNING * * *
You block the orc warrior's attack.
You hit the orc but do no damage. The orc barely misses you.
You barely miss the orc. The orc hits you but does no damage.
You block the orc's attack.
You sock the orc!
You kill the orc!
Trog accepts your kill.
You barely miss the ogre.
The ogre is heavily wounded.
You block the ogre's attack.
The orc warrior hits you from afar with a +0 trident!
* * * LOW HITPOINT WARNING * * *
The orc warrior barely misses you.
You hit the ogre.
The ogre is severely wounded.
The ogre hits you with a +0 giant spiked club.
You die...

...#....# #......# ...#...[#
+......# ...#....+ #......#
...#...# #......#
...#...########......#
...#...##.....+.....(########
...'..........#..............
...#..........#####'#........
...#.........ooO@...#........
...#...##.....##...†#........
...#...##.....##....#........
...#...#............+........
...#...#............#........
...#...#....[.......#........
######.....##....#
########....# ....:#


You could see an orc warrior, an ogre and an orc.

Vanquished Creatures
  A wraith (D:5)
  An elf zombie (Ossuary)
  3 human zombies (Ossuary)
  3 orc priests (D:4)
  2 iguanas (D:5)
  An orc wizard (D:4)
  A hound skeleton (D:4)
  2 mummies (Ossuary)
  4 adders
  An adder zombie (Ossuary)
  5 worms
  3 dart slugs
  12 orcs
  4 ball pythons
  4 bats
  6 endoplasms
  4 giant cockroaches
  8 goblins
  8 hobgoblins
  6 jackals
  4 quokkas
  6 frilled lizards
  3 goblin zombies (Ossuary)
  7 hobgoblin zombies (Ossuary)
  A jackal zombie (Ossuary)
  3 kobolds
  10 kobold zombies (Ossuary)
  8 orc zombies (Ossuary)
  9 rats
  2 rat zombies (Ossuary)
132 creatures vanquished.

Notes
Turn   | Place    | Note
-------+----------+-------------------------------------------
     0 | D:1      | Dillybarz the Minotaur Fighter began the quest for the Orb.
     0 | D:1      | Reached XP level 1. HP: 19/19 MP: 0/0
   159 | D:1      | Reached XP level 2. HP: 26/27 MP: 1/1
   946 | D:2      | Reached XP level 3. HP: 33/33 MP: 2/2
  1514 | D:2      | Found a faded altar of an unknown god.
  1650 | D:3      | Reached XP level 4. HP: 39/41 MP: 3/3
  2550 | D:4      | Reached XP level 5. HP: 39/47 MP: 4/4
  2608 | D:4      | Found a sand-covered staircase.
  2613 | Ossuary  | Entered an ossuary
  2758 | Ossuary  | Reached skill level 5 in Fighting
  2758 | Ossuary  | Reached skill level 5 in Armour
  2758 | Ossuary  | Reached skill level 5 in Shields
  2770 | Ossuary  | Reached XP level 6. HP: 33/56 MP: 5/5
  3538 | D:4      | Found a staircase to the Ecumenical Temple.
  3559 | Temple   | Entered the Ecumenical Temple
  3651 | Temple   | Became a worshipper of Trog the Wrathful
  3935 | D:4      | You fall into a shaft and drop 2 floors!
  4027 | D:5      | Entered Level 5 of the Dungeon
  4036 | D:5      | Noticed a wraith
  4060 | D:5      | Killed a wraith
  4061 | D:5      | Reached skill level 5 in Maces & Flails
  4061 | D:5      | Reached XP level 7. HP: 41/63 MP: 6/6
  4443 | D:5      | HP: 2/63 [orc warrior (12)]
  4444 | D:5      | Slain by an ogre

Illustrated notes

Levels and vault maps discovered:
D:1:      lightli_arrival_statuegarden, layout_basic
D:2:      layout_loops_cross, shapermc_ecumenical_altar_notcrosses,
          minmay_statues_item
D:3:      minmay_bubble_buster, layout_basic, guppyfry_early_lair_pool
D:4:      layout_rooms, temple_pool_b, enter_ossuary_2
D:5:      minmay_razor_zed, layout_gridville, grunt_temple_overflow_open
D:6:      layout_loops_ring, lemuel_doored_altar, serial_shops,
          nicolae_stop_n_shop_1, kb_rosetta
Temple:   ebering_untended_altars

Skill      XL: |  1  2  3  4  5  6  7 |
---------------+----------------------+-----
Fighting       | 4 5 6 |  6.1
Armour         | 4 5 6 |  6.0
Shields        | 4 5 6 |  6.1
Maces & Flails | 3 4 5 |  5.2

Action                   |  1- 3 |  4- 6 |  7- 9 || total
-------------------------+-------+-------+-------++-------
Melee: Flail             |   105 |   208 |    19 ||   332
       Headbutt          |    11 |    34 |     1 ||    46
  Use: Scroll            |     6 |     5 |     4 ||    15
       Potion            |       |     1 |       ||     1
Armor: Scale mail        |    37 |       |       ||    37
       Chain mail        |    18 |   107 |    12 ||   137
Dodge: Dodged            |    35 |    64 |    11 ||   110
Block: Buckler           |    19 |    44 |    11 ||    74
